 Dungeon Sprint DCSS version 0.20.1-1-g8b1a95d (webtiles) character file.

2792 wojtek the Bludgeoner (level 9, -2/93 HPs)
             Began as a Minotaur Fighter on Dec 27, 2017.
             Was a High Priest of Trog.
             Slain by a komodo dragon (18 damage)
             ... in the Dungeon (Sprint IX: "|||||||||||||||||||||||||||||").
             The game lasted 00:02:05 (800 turns).

wojtek the Bludgeoner (Minotaur Fighter)             Turns: 800, Time: 00:02:05

Health: -2/93      AC: 22    Str: 24    XL:     9   Next: 43%
Magic:  8/8        EV: 10    Int:  8    God:    Trog [*****.]
Gold:   0          SH:  0    Dex: 10    Spells: 8/8 levels left

rFire    . . .     SeeInvis .   a - +2 dire flail (protect)
rCold    . . .     Gourm    .   (shield currently unavailable)
rNeg     . . .     Faith    .   u - +2 ring mail
rPois    .         Spirit   .   (helmet restricted)
rElec    .         Reflect  .   p - +0 cloak
rCorr    .         Harm     .   (no gloves)
MR       .....     NoTele   +   q - +0 pair of boots
Stlth    ..........             (no amulet)
Regen    0.3/turn               r - +2 ring of protection
MPRegen  0.2/turn               s - +3 ring of intelligence

@: lethally poisoned (-2 -> -2), protection aura
A: retaliatory headbutt, horns 2
a: Berserk, Trog's Hand, Brothers in Arms, Burn Spellbooks, Renounce Religion


You were in the Dungeon.
You worshipped Trog.
Trog was extremely pleased with you.
You were not hungry.

You visited 1 branch

Inventory:

Hand Weapons
 a - a +2 dire flail of protection (weapon)
 b - a +0 flail
Armour
 c - a +0 shield
 i - a +0 scale mail
 p - a +0 cloak (worn)
 q - a +0 pair of boots (worn)
 u - a +2 ring mail (worn)
Jewellery
 r - a +2 ring of protection (left hand)
 s - a +3 ring of intelligence (right hand)
Wands
 n - a wand of acid (7/15)
 w - a wand of iceblast (6/15)
Scrolls
 k - 3 scrolls of blinking
 m - 4 scrolls of remove curse
 y - 2 scrolls of recharging
 z - 2 scrolls of enchant armour
Potions
 d - a potion of might
 e - 5 potions of curing
 g - 7 potions of heal wounds
 h - a potion of haste
 j - 2 potions of berserk rage
 l - a potion of invisibility
 o - 4 potions of magic
 v - 2 potions of agility
 x - a potion of resistance
Comestibles
 f - a bread ration


   Skills:
 + Level 13.1 Fighting
 * Level 17.4 Maces & Flails
 + Level 13.3 Armour
 - Level 3.6 Shields


You had 8 spell levels left.
You didn't know any spells.

Dungeon Overview and Level Annotations

Branches:
Dungeon (1/1)

Altars:
Cheibriados
Dithmenos
Elyvilon
Fedhas
Gozag
Hepliaklqana
Kikubaaqudgha
Makhleb
Nemelex Xobeh
Okawaru
Qazlal
Ru
Sif Muna
Trog
Uskayaw
Vehumet
Xom
Yredelemnul
Zin
The Shining One
Beogh
Jiyva
Lugonu


Innate Abilities, Weirdness & Mutations

You reflexively headbutt those who attack you in melee.
You have a pair of horns on your head.


Message History

You hit the yak.
The yak is lightly wounded.
You barely miss the yak.
The yak is lightly wounded.
You feel sick. The yak gores you!
* * * LOW HITPOINT WARNING * * *
You puncture the yak! You headbutt the yak.
The yak is moderately wounded.
You thump the yak!
The yak is severely wounded.
The yak gores you.
* * * LOW HITPOINT WARNING * * *
You puncture the yak!
You kill the yak!
Trog accepts your kill.
Trog will gift you weapons as your piety grows.
You hit the komodo dragon but do no damage.
You hit the komodo dragon but do no damage.
You feel sick. The komodo dragon bites you!!
You die...

▓▓▓▓▓▓▓▓▓▓▓▓▓▓▓▓▓▓▓▓▓▓▓▓▓▓▓▓▓▓▓▓▓
_.___________________'.....'....(
▓▓▓▓▓▓▓▓▓▓▓▓▓▓▓▓▓▓▓▓▓▓▓▓▓▓▓▓▓▓▓▓▓
.................................
▓▓▓▓▓▓▓▓▓▓▓▓▓▓▓▓▓▓▓▓▓▓▓▓▓▓▓▓▓▓▓▓▓
......l@......}......'..
▓▓▓▓▓▓▓▓▓▓▓▓▓▓▓▓▓▓▓▓▓▓▓▓


You could see a komodo dragon.

Vanquished Creatures
  A centaur warrior (D)
  2 spiny frogs (D)
  A komodo dragon (D)
  A troll (D)
  A yak (D)
  A steam dragon (D)
  A porcupine (D)
  A sky beast (D)
  2 ice beasts (D)
  A centaur (D)
  A crocodile (D)
  2 bullfrogs (D)
  A scorpion (D)
  A howler monkey (D)
  2 hounds (D)
  A worker ant (D)
  2 adders (D)
  An adder skeleton (D)
  A dart slug (D)
  A leopard gecko (D)
  A jackal (D)
  A kobold (D)
  A quokka (D)
  A bat (D)
  A rat (D)
30 creatures vanquished.

Notes
Turn   | Place    | Note
-------+----------+-------------------------------------------
     0 | D        | wojtek the Minotaur Fighter began the quest for the Orb.
     0 | D        | Reached XP level 1. HP: 19/19 MP: 0/0
     6 | D        | Reached skill level 3 in Maces & Flails
    14 | D        | Reached skill level 4 in Maces & Flails
    21 | D        | Noticed a hound
    21 | D        | Noticed a howler monkey
    21 | D        | Noticed a sky beast
    29 | D        | Killed a sky beast
    29 | D        | Reached skill level 8 in Maces & Flails
    29 | D        | Reached XP level 2. HP: 10/30 MP: 1/1
    29 | D        | Reached XP level 3. HP: 13/37 MP: 2/2
    29 | D        | Reached XP level 4. HP: 15/44 MP: 3/3
    34 | D        | Reached skill level 9 in Maces & Flails
    34 | D        | Reached XP level 5. HP: 17/52 MP: 4/4
   267 | D        | Found a roughly hewn altar of Beogh.
   267 | D        | Found a snail-covered altar of Cheibriados.
   267 | D        | Found a shadowy altar of Dithmenos.
   267 | D        | Found a white marble altar of Elyvilon.
   267 | D        | Found a blossoming altar of Fedhas.
   267 | D        | Found an opulent altar of Gozag.
   268 | D        | Found a hazy altar of Hepliaklqana.
   269 | D        | Found a viscous altar of Jiyva.
   270 | D        | Found an ancient bone altar of Kikubaaqudgha.
   271 | D        | Found a corrupted altar of Lugonu.
   272 | D        | Found a burning altar of Makhleb.
   273 | D        | Found a sparkling altar of Nemelex Xobeh.
   274 | D        | Found an iron altar of Okawaru.
   275 | D        | Found a stormy altar of Qazlal.
   276 | D        | Found a sacrificial altar of Ru.
   277 | D        | Found a deep blue altar of Sif Muna.
   278 | D        | Found a bloodstained altar of Trog.
   279 | D        | Found a hide-covered altar of Uskayaw.
   280 | D        | Found a radiant altar of Vehumet.
   282 | D        | Found a shimmering altar of Xom.
   283 | D        | Found a basalt altar of Yredelemnul.
   284 | D        | Found a glowing silver altar of Zin.
   285 | D        | Found a glowing golden altar of the Shining One.
   286 | D        | Became a worshipper of Trog the Wrathful
   331 | D        | Noticed a troll
   335 | D        | Reached skill level 10 in Maces & Flails
   351 | D        | Killed a troll
   351 | D        | Reached * piety under Trog
   351 | D        | Reached skill level 12 in Maces & Flails
   351 | D        | Reached XP level 6. HP: 39/63 MP: 5/5
   360 | D        | Reached ** piety under Trog
   499 | D        | Noticed an ice beast
   499 | D        | Noticed a centaur warrior
   499 | D        | Noticed a steam dragon
   499 | D        | Noticed an ice beast
   506 | D        | Reached skill level 10 in Armour
   506 | D        | Reached XP level 7. HP: 71/71 MP: 6/6
   513 | D        | Reached skill level 10 in Fighting
   513 | D        | Reached skill level 13 in Maces & Flails
   521 | D        | Killed a centaur warrior
   521 | D        | Reached *** piety under Trog
   521 | D        | Reached skill level 15 in Maces & Flails
   521 | D        | Reached XP level 8. HP: 77/82 MP: 7/7
   754 | D        | Noticed a komodo dragon
   754 | D        | Noticed a spiny frog
   754 | D        | Noticed a spiny frog
   759 | D        | Killed a spiny frog
   759 | D        | Reached skill level 16 in Maces & Flails
   766 | D        | Killed a spiny frog
   766 | D        | Reached XP level 9. HP: 58/91 MP: 8/8
   768 | D        | Reached **** piety under Trog
   773 | D        | Noticed a komodo dragon
   782 | D        | Killed a komodo dragon
   782 | D        | Reached skill level 17 in Maces & Flails
   798 | D        | Reached ***** piety under Trog
   800 | D        | Slain by a komodo dragon

Skill      XL: |  1  2  3  4  5  6  7  8  9 |
---------------+----------------------------+-----
Maces & Flails | 8 9 12 15 16 17 | 17.4
Fighting       | 6 7 9 11 12 13 | 13.1
Armour         | 6 7 9 10 11 12 13 | 13.3
Shields        | |  3.6

Action                   |  1- 3 |  4- 6 |  7- 9 || total
-------------------------+-------+-------+-------++-------
Melee: Flail             |    19 |    23 |       ||    42
       Headbutt          |     4 |     6 |    11 ||    21
       Dire flail        |       |    33 |    70 ||   103
Armor: Scale mail        |     7 |    28 |       ||    35
       Ring mail         |       |     3 |    21 ||    24
Dodge: Dodged            |     4 |    16 |    14 ||    34
Block: Shield            |    12 |    12 |       ||    24
